 Dungeon Crawl Stone Soup version 0.31-a0-716-gc7603755dd (webtiles) character file.

Game seed: 1335672831864368260

7 merdmerd the Trooper (level 1, -3/20 HPs)
             Began as a Minotaur Fighter on Sept 10, 2023.
             Succumbed to a kobold's poison
             ... on level 1 of the Dungeon.
             The game lasted 00:04:36 (187 turns).

merdmerd the Trooper (Minotaur Fighter)              Turns: 187, Time: 00:04:37

Health: -3/20      AC:  6    Str: 20    XL:     1   Next: 91%
Magic:  0/0        EV:  9    Int:  5    God:
Gold:   37         SH:  4    Dex:  9    Spells: 0/0 levels left

rFire   . . .        a - +0 long sword
rCold   . . .        c - +0 buckler
rNeg    . . .        b - +0 scale mail
rPois   .            (helmet restricted)
rElec   .            (no cloak)
rCorr   .            (no gloves)
SInv    .            (no boots)
Will    .....        (no amulet) Stlth
                     (no ring)
HPRegen 0.23/turn    (no ring)
MPRegen 0.07/turn

%: no passive effects
@: lethally poisoned (-3 -> -18)
A: horns 2, retaliatory headbutt
a: no special abilities


You were on level 1 of the Dungeon.
You visited 1 branch of the dungeon, and saw 1 of its levels.

You collected 37 gold pieces.

Inventory:

Hand Weapons
 a - a +0 long sword (weapon)
Armour
 b - a +0 scale mail (worn)
 c - a +0 buckler (worn)
Scrolls
 f - a scroll of teleportation {unknown}
 g - a scroll of noise {unknown}
 h - a scroll of revelation {unknown}
Potions
 d - a potion of might
 e - a potion of enlightenment {unknown}


   Skills:
 + Level 4.0 Fighting
 + Level 2.5 Long Blades
 + Level 3.6 Armour
 + Level 3.8 Shields


You couldn't memorise any spells.
You didn't know any spells.
Your spell library was empty.

Dungeon Overview and Level Annotations

Branches:
Dungeon (1/15)

Altars:


Innate Abilities, Weirdness & Mutations

You have a pair of horns on your head.
You reflexively headbutt those who attack you in melee.


Message History

Found a ring mail.
A kobold comes into view.
It is wielding a +1 short sword of venom.
The kobold shouts!
The kobold throws a stone.
The stone barely misses you.
The kobold throws a stone.
The stone hits you but does no damage.
The kobold throws a stone.
The stone barely misses you. You block the bat's attack.
You see here a +0 ring mail.
The kobold barely misses you. You block the bat's attack.
You barely miss the kobold. The bat barely misses you.
The kobold hits you but does no damage.
You barely miss the kobold. The bat closely misses you. x2
You block the bat's attack. You block the kobold's attack.
You closely miss the kobold. Your headbutt misses the kobold.
The bat hits you but does no damage. The bat closely misses you. x2
The kobold hits you but does no damage.
You are poisoned.
You hit the kobold.
The kobold is severely wounded.
You feel sick. The bat barely misses you. You furiously retaliate!
You headbutt the bat!
You kill the bat!
You block the kobold's attack.
The kobold hits you with a +1 short sword of venom.
You are lethally poisoned!
You closely miss the kobold.
The kobold is heavily wounded.
You feel very sick. You block the kobold's attack.
You barely miss the kobold.
The kobold is heavily wounded.
* * * LOW HITPOINT WARNING * * *
You feel very sick.
The kobold hits you with a +1 short sword of venom.
* * * LOW HITPOINT WARNING * * *
You are more poisoned.
You barely miss the kobold.
The kobold is heavily wounded.
You die...

.... #..............
..... ###...........
.....###.........####
.....................
#.........###'#######
..........##........#
..........##.....##.#
..........##...(.##+## #
.......@K[##.....#...###
.......#..###+#..#.<....
########..###.#..#...###
...#......##### #
..#.###.##.#...###
##..........#.8....
##..#.#.#..#...### ..#..
#..##.## #
#.#.#..#...###


You could see a kobold.

Vanquished Creatures
  2 bats (D:1)
  2 goblins (D:1)
  A quokka (D:1)
  A kobold (D:1)
6 creatures vanquished.

Notes
Turn   | Place    | Note
-------+----------+-------------------------------------------
     0 | D:1      | merdmerd the Minotaur Fighter began the quest for the Orb.
     0 | D:1      | Reached XP level 1. HP: 19/19 MP: 0/0
   138 | D:1      | Reached skill level 4 in Fighting
   187 | D:1      | Succumbed to a kobold's poison

Illustrated notes

Levels and vault maps discovered:
D:1:      minmay_arrival_nine_rooms, layout_basic

Skill      XL: |  1 |
---------------+----+-----
Fighting       | 4 |  4.0
Long Blades    | |  2.5
Armour         | |  3.6
Shields        | |  3.8

Action                     || total
---------------------------++-------
  Melee: Long sword        ||    16
         Headbutt          ||     1
 Armour: Scale mail        ||    28
  Dodge: Dodged            ||    23
  Block: Buckler           ||    10

Table legend: (Time is in decaauts)
 A = Elapsed time spent in this place.
 B = Non-inter-level travel time spent in this place.
 C = Inter-level travel time spent in this place.
 D = Time resting spent in this place.
 E = Time spent auto-exploring this place.
 F = Levels seen in this place.
 G = Mean time per level.
                   A        B        C        D        E       F      G
               +--------+--------+--------+--------+--------+-----+--------+
         Total |    190 |     95 |     95 |      0 |      0 |   1 |  190.0 |
       Dungeon |    190 |     95 |     95 |      0 |      0 |   1 |  190.0 |
               +--------+--------+--------+--------+--------+-----+--------+

Top non-repeatable levels by time:
     D:1: 190 daAuts
